 Dungeon Crawl Stone Soup version 0.27.1-34-g3ba077fa99 (webtiles) character file.

Game seed: 2459001454518592936

58 Cykl0x the Slasher (level 4, 0/27 HPs)
             Began as a Gargoyle Gladiator on Jan 6, 2022.
             Slain by a hobgoblin (6 damage)
             ... led by Robin
             ... on level 2 of the Dungeon.
             The game lasted 00:02:12 (1383 turns).

Cykl0x the Slasher (Gargoyle Gladiator)             Turns: 1383, Time: 00:02:13

Health: 0/27       AC: 10    Str: 19    XL:     4   Next: 1%
Magic:  4/4        EV: 11    Int:  8    God:
Gold:   62         SH:  0    Dex: 11    Spells: 3/3 levels left

rFire    . . .     SeeInvis .   a - +0 long sword
rCold    . . .     Faith    .   (no shield)
rNeg     + . .     Spirit   .   j - +0 ring mail
rPois    ∞         Reflect  .   c - +0 helmet
rElec    +         Harm     .   (no cloak)
rCorr    .         Rampage  .   (no gloves)
Will     .....                  (no boots)
Stlth    +.........             (no amulet)
HPRegen  0.09/turn              (no ring)
MPRegen  0.09/turn              (no ring)

@: about to teleport, attractive
A: sickness immunity, AC +3, negative energy resistance 1, electricity
resistance, torment resistance 1, petrification resistance
a: no special abilities


You were on level 2 of the Dungeon.
You visited 1 branch of the dungeon, and saw 2 of its levels.

You collected 62 gold pieces.

Inventory:

Hand Weapons
 a - a +0 long sword (weapon)
Missiles
 d - a throwing net
 g - 20 stones (quivered)
Armour
 b - a +0 leather armour
 c - a +0 helmet (worn)
 j - a +0 ring mail (worn)
Scrolls
 i - 2 scrolls of magic mapping {unknown}


   Skills:
 + Level 2.5 Fighting
 + Level 3.3 Long Blades
 + Level 2.0 Throwing
 * Level 1.7 Armour
 + Level 2.8 Dodging


You had 3 spell levels left.
You didn't know any spells.
Your spell library contained the following spells:

 Spells                   Type           Power      Damage    Failure   Level
 Petrify                  Tmut/Erth      0%         N/A       100%        4
 Metabolic Englaciation   Hex/Ice        0%         N/A       100%        5
 Statue Form              Tmut/Erth      Unusable   N/A       N/A         6

Dungeon Overview and Level Annotations

Branches:
Dungeon (2/15)

Altars:

Annotations:
D:2 Robin


Innate Abilities, Weirdness & Mutations

You are immune to sickness and miasma.
Your stone body is resilient. (AC +3)
You are immune to poison.
You resist negative energy. (rN+)
You are resistant to electric shocks. (rElec)
You are resistant to unholy torment.
You are immune to petrification.


Message History

You are too injured to fight recklessly!
You are too injured to fight recklessly!
You are too injured to fight recklessly!
Unknown command.
You slash the goblin!
You kill the goblin!
The goblin no longer looks unusually strong.
Robin roars a battlecry!
The goblins go into a battle-frenzy!
The hobgoblin hits you.
* * * LOW HITPOINT WARNING * * *
Okay, then.
It was a potion of attraction.
You feel attractive to monsters. The hobgoblin closely misses you.
Unknown command.
As you read the scroll labelled OSCHUZ RANK, it crumbles to dust.
You hear a loud clanging noise!
It was a scroll of noise.
The hobgoblin barely misses you.
Robin says, "Duck!"
Unknown command.
As you read the scroll labelled PEPONA FIQAFE, it crumbles to dust.
You feel strangely unstable.
It was a scroll of teleportation.
The hobgoblin hits you.
* * * LOW HITPOINT WARNING * * *
Robin throws the goblin at you!
You hit the goblin.
The goblin is heavily wounded.
The hobgoblin hits you but does no damage.
The goblin misses you.
Unknown command.
You barely miss the goblin.
The goblin is moderately wounded.
The hobgoblin misses you.
You riposte.
You hit the hobgoblin but do no damage. The goblin closely misses you.
The hobgoblin hits you but does no damage.
You slash the goblin!
You kill the goblin!
Robin throws the goblin at you! The hobgoblin hits you.
You die...

#####'####
#.#
#...††...#
#.#
#........#
#.#
#........#
#.########
#........#
#.#.......
#........#
#.#.......
#........#
#.#.......
#####g####
#....... #@#
######## #g#
#w# ..g
....(
..:...w
.........
#..........
#.......(...


You could see a worm, Robin, a hobgoblin (strong) and a goblin (strong).

Vanquished Creatures
  A gnoll (D:1)
  7 endoplasms
  2 giant cockroaches (D:2)
  11 goblins
  4 hobgoblins
  3 jackals (D:2)
  2 quokkas
  3 ball pythons
  A bat (D:2)
  A frilled lizard (D:1)
  4 kobolds
  3 rats
42 creatures vanquished.

Vanquished Creatures (others)
  A plant (D:1)
1 creature vanquished.

Grand Total: 43 creatures vanquished

Notes
Turn   | Place    | Note
-------+----------+-------------------------------------------
     0 | D:1      | Cykl0x the Gargoyle Gladiator began the quest for the Orb.
     0 | D:1      | Reached XP level 1. HP: 12/12 MP: 1/1
   213 | D:1      | Reached XP level 2. HP: 18/18 MP: 2/2
   475 | D:1      | Reached skill level 1 in Armour
   804 | D:1      | Reached skill level 3 in Long Blades
   845 | D:1      | Reached XP level 3. HP: 22/22 MP: 3/3
   908 | D:1      | Found a faded altar of an unknown god.
  1361 | D:2      | Noticed Robin
  1373 | D:2      | Reached XP level 4. HP: 20/27 MP: 4/4
  1383 | D:2      | Slain by a hobgoblin

Illustrated notes

Levels and vault maps discovered:
D:1:      sevenhm_arrival_forest_fort_small_3, layout_basic,
          dilly_ecumenical_altar_fadedgnrine
D:2:      layout_basic, uniq_robin

Skill      XL: |  1  2  3 |
---------------+----------+-----
Armour         | 1 |  1.7
Long Blades    | 3 |  3.3
Throwing       | 2 |  2.0
Fighting       | |  2.5
Dodging        | |  2.8

Action                   |  1- 3 |  4- 6 || total
-------------------------+-------+-------++-------
Melee: Long sword        |    76 |     7 ||    83
Throw: Throwing net      |     8 |       ||     8
       Stone             |    38 |       ||    38
  Use: Scroll            |       |     2 ||     2
       Potion            |       |     1 ||     1
 Stab: Held in net/web   |     1 |       ||     1
Armor: Leather armour    |    22 |       ||    22
       Ring mail         |     9 |     4 ||    13
Dodge: Dodged            |    42 |     9 ||    51
       Rpst.: Long sword |     8 |     1 ||     9
